 Dungeon Crawl Stone Soup version 0.22-a0-246-gdc04c06d56 (webtiles) character file.

658 Peterchen the Chopper (level 7, -6/54 HPs)
             Began as a Black Draconian Wanderer on Feb 22, 2018.
             Was a Follower of Uskayaw.
             Mangled by Prince Ribbit (13 damage)
             ... on level 6 of the Dungeon.
             The game lasted 00:45:43 (6847 turns).

Peterchen the Chopper (Black Draconian Wanderer)    Turns: 6847, Time: 00:45:43

Health: -6/54      AC:  7    Str: 17    XL:     7   Next: 30%
Magic:  9/9        EV: 11    Int: 15    God:    Uskayaw [*.....]
Gold:   353        SH:  7    Dex: 10    Spells: 9/9 levels left

rFire    . . .     SeeInvis .   d - +0 hand axe
rCold    . . .     Gourm    .   l - +0 buckler
rNeg     . . .     Faith    .   (armour unavailable)
rPois    .         Spirit   .   (helmet restricted)
rElec    +         Reflect  +   (no cloak)
rCorr    .         Harm     .   s - +0 pair of gloves
MR       .....     Clarity  +   (no boots)
Stlth    ++........             e - +3 amulet of reflection
HPRegen  0.18/turn              i - +5 ring of intelligence
MPRegen  0.11/turn              r - ring of wizardry

@: about to teleport, short of breath
A: breathe lightning, unfitting armour, horns 1, clarity, dopey 1, frail 1,
screaming 1, electricity resistance, cold-blooded, AC +6
a: Breathe Lightning, Stomp, Renounce Religion


You were on level 6 of the Dungeon.
You worshipped Uskayaw.
Uskayaw was noncommittal.
You were not hungry.

You visited 1 branch of the dungeon, and saw 6 of its levels.

You collected 353 gold pieces.

Inventory:

Hand Weapons
 b - a +2 blowgun
 d - a +0 hand axe (weapon)
 x - a +2 halberd of protection
Missiles
 a - 7 curare-tipped needles (quivered)
 h - 7 needles of confusion
 y - 2 javelins
Armour
 l - a +0 buckler (worn)
 s - a +0 pair of gloves (worn)
Jewellery
 e - a +3 amulet of reflection (around neck)
 i - a +5 ring of intelligence (left hand)
 r - a ring of wizardry (right hand)
Wands
 v - a wand of acid (2)
 w - a wand of digging (12)
 B - a wand of random effects (23)
Scrolls
 f - 3 scrolls of identify
 j - a scroll of remove curse
 k - 3 scrolls of teleportation
 o - a scroll of enchant armour
 p - a scroll of blinking
 q - a scroll of fear
 u - a scroll of enchant weapon {unknown}
 A - 2 scrolls of amnesia {unknown}
Potions
 g - 4 potions of curing
 m - a potion of invisibility {unknown}
 n - 2 potions of heal wounds
 t - a potion of resistance {unknown}
 z - 2 potions of brilliance {unknown}
Comestibles
 c - 6 rations


   Skills:
 + Level 4.9 Fighting
 * Level 5.3(5.4) Axes
 - Level 1.3(3.6) Polearms
 - Level 2.6 Throwing
 - Level 2.0 Stealth
 + Level 2.5 Shields
 - Level 1.7 Spellcasting
   Level 1.0 Summonings
   Level 1.0 Translocations


You had 9 spell levels left.
You didn't know any spells.

Dungeon Overview and Level Annotations

Branches:
Dungeon (6/15)
 Temple: D:4-7

Altars:
Makhleb
Nemelex Xobeh
Ru
Trog
Uskayaw
Yredelemnul

Annotations:
D:6 Prince Ribbit


Innate Abilities, Weirdness & Mutations

You can breathe wild blasts of lightning.
Your glossy black scales are hard. (AC +6)
You cannot fit into any form of body armour.
You are resistant to electric shocks. (rElec)
You are cold-blooded and may be slowed by cold attacks.
You have a pair of small horns on your head.
You possess an exceptional clarity of mind.
You are dopey. (Int -2)
You are frail. (-10% HP)
You occasionally shout uncontrollably at your foes.


Message History

Prince Ribbit flickers and vanishes!
Deactivating autopickup; reactivate with Ctrl-A.
Autopickup is now on.
Something hits you.
Deactivating autopickup; reactivate with Ctrl-A.
Something hits you!!
Autopickup is now on.
You breathe a wild blast of lightning!
You hear a mighty clap of thunder!
You feel somewhat more hungry.
You hear a shout!
Something hits you!
Deactivating autopickup; reactivate with Ctrl-A.
Autopickup is now on.
As you read the scroll of teleportation, it crumbles to dust.
You feel strangely unstable. Something hits you!
* * * LOW HITPOINT WARNING * * *
Deactivating autopickup; reactivate with Ctrl-A.
Something hits you!
You die...

..# .## .......
####.. .......
...... ..)....
....## #......##
...## ##.......#
..## #........#
..#######........##
#<..............@.#
#................#
##..## #..........#
#....# #.......###
.....####......##
.###...#.......# ##
##..........# #
##.........# ###
#.........## ###.#


There were no monsters in sight!

Vanquished Creatures
  The ghost of SnubMonkey the Quickloader, an amateur KoHu (D:5)
  Blork the orc (D:4)
  A crimson imp (D:5)
  A centaur skeleton (D:6)
  2 orc priests
  An iguana (D:4)
  4 worker ants (D:4)
  3 gnolls (D:5)
  8 adders
  An ooze (D:1)
  A worm (D:2)
  A dart slug (D:3)
  4 leopard geckos
  6 orcs
  3 giant cockroaches
  3 goblins
  9 hobgoblins
  6 jackals
  5 kobolds
  4 quokkas
  3 ball pythons (D:3)
  6 bats
  9 frilled lizards
  A quokka zombie (D:5)
  A rat (D:3)
85 creatures vanquished.

Notes
Turn   | Place    | Note
-------+----------+-------------------------------------------
     0 | D:1      | Peterchen the Draconian Wanderer began the quest for the Orb.
     0 | D:1      | Peterchen set off with: 3 curare-tipped needles, a +2 blowgun, a ration, a +0 hand axe
     0 | D:1      | Reached XP level 1. HP: 19/19 MP: 2/2
   126 | D:1      | Reached XP level 2. HP: 10/26 MP: 3/3
   997 | D:1      | Gained mutation: You have sharp toenails. [potion of mutation]
   997 | D:1      | Gained mutation: You are weak. (Str -2) [potion of mutation]
   997 | D:1      | Gained mutation: You are dopey. (Int -2) [potion of mutation]
   997 | D:1      | Gained mutation: You evolve. [potion of mutation]
  1198 | D:2      | Reached XP level 3. HP: 29/31 MP: 4/4
  1661 | D:2      | Reached skill level 3 in Axes
  2061 | D:2      | Reached XP level 4. HP: 40/40 MP: 6/6
  2361 | D:3      | Gained mutation: You have a pair of small horns on your head. [evolution]
  2401 | D:3      | Found a basalt altar of Yredelemnul.
  2475 | D:3      | Found a hide-covered altar of Uskayaw.
  2500 | D:3      | Became a worshipper of Uskayaw the Reveler
  2710 | D:3      | Reached * piety under Uskayaw
  2789 | D:3      | Found a faded altar of an unknown god.
  2804 | D:3      | Reached ** piety under Uskayaw
  3001 | D:3      | Reached *** piety under Uskayaw
  3002 | D:3      | Reached XP level 5. HP: 24/46 MP: 7/7
  3560 | D:4      | Reached skill level 4 in Axes
  3560 | D:4      | Reached skill level 1 in Shields
  3657 | D:4      | Lost mutation: You evolve. [potion of mutation]
  3657 | D:4      | Lost mutation: You have sharp toenails. [potion of mutation]
  3657 | D:4      | Lost mutation: You are dopey. (Int -2) [potion of mutation]
  3657 | D:4      | Gained mutation: Your tail ends in a poisonous barb. [potion of mutation]
  3658 | D:4      | Lost mutation: Your tail ends in a poisonous barb. [potion of mutation]
  3658 | D:4      | Lost mutation: You are weak. (Str -2) [potion of mutation]
  3658 | D:4      | Gained mutation: You occasionally shout uncontrollably at your foes. [potion of mutation]
  3658 | D:4      | Gained mutation: You are frail. (-10% HP) [potion of mutation]
  3658 | D:4      | Gained mutation: You are dopey. (Int -2) [potion of mutation]
  3658 | D:4      | Gained mutation: You possess an exceptional clarity of mind. [potion of mutation]
  3752 | D:4      | Reached XP level 6. HP: 25/46 MP: 8/8
  4591 | D:4      | Noticed Blork the orc
  4614 | D:4      | Killed Blork the orc
  4994 | D:4      | Found a sacrificial altar of Ru.
  5049 | D:5      | Entered Level 5 of the Dungeon
  5077 | D:5      | Noticed SnubMonkey's ghost (amateur KoHu)
  5662 | D:5      | Found a bloodstained altar of Trog.
  5662 | D:5      | Found a burning altar of Makhleb.
  5680 | D:5      | Found a sparkling altar of Nemelex Xobeh.
  5941 | D:5      | Killed SnubMonkey's ghost
  5941 | D:5      | Reached skill level 5 in Axes
  5941 | D:5      | Reached skill level 1 in Polearms
  5941 | D:5      | Your scales start taking on a glossy black colour.
  5941 | D:5      | Reached XP level 7. HP: 32/54 MP: 3/9
  5941 | D:5      | Gained mutation: You are resistant to electric shocks. (rElec) [Black Draconian growth]
  6842 | D:6      | Noticed Prince Ribbit
  6847 | D:6      | Mangled by Prince Ribbit

Vault maps used:
D:1:      scummos_arrival_hexagon
D:2:      first_ration, minmay_fountain_box
D:3:      grunt_temple_overflow_open, chequers_ecumenical_altar_island
D:4:      nicolae_ru_the_path_less_chosen, uniq_blork_the_orc
D:5:      nemelex_xobeh_ov_fountains_minmay, gammafunk_temple_overflow_elements,
          small_statue_intersection
D:6:      temple_fountains, uniq_prince_ribbit1

Skill      XL: |  1  2  3  4  5  6 |
---------------+-------------------+-----
Axes           | 3 4 5 |  5.3
Stealth        | 2 |  2.0
Throwing       | 2 |  2.6
Fighting       | 4 |  4.9
Shields        | 1 2 |  2.5
Polearms       | 1 |  1.3
Spellcasting   | |  1.7
Summonings     | |  1.0
Translocations | |  1.0

Action                   |  1- 3 |  4- 6 |  7- 9 || total
-------------------------+-------+-------+-------++-------
Melee: Hand axe          |   140 |   208 |    18 ||   366
       Tailslap          |    11 |    20 |     2 ||    33
       Kick              |    17 |    27 |       ||    44
       Headbutt          |       |    23 |     1 ||    24
Throw: Javelin           |       |     2 |       ||     2
Invok: Stomp             |       |     9 |       ||     9
 Abil: Breathe Lightning |       |       |     2 ||     2
Evoke: Wand              |       |     1 |     1 ||     2
  Use: Scroll            |     5 |     2 |     6 ||    13
       Potion            |     1 |     3 |       ||     4
 Stab: Sleeping          |     1 |     1 |       ||     2
       Paralysed         |       |     1 |       ||     1
  Eat: Chunk             |     4 |    11 |       ||    15
       Ration            |       |     1 |     1 ||     2
Armor: Skin              |    42 |    69 |     4 ||   115
Dodge: Dodged            |    56 |    97 |     6 ||   159
Block: Other             |     6 |       |       ||     6
       Buckler           |    28 |    51 |     4 ||    83
       Reflection        |     1 |       |       ||     1

Table legend:
 A = Spawn XP
 B = Non-spawn XP
 C = Spawn XP percentage of total XP
 D = Spawn monster count
 E = Non-spawn monster count
 F = Spawn count percentage of total count
 G = Total turns spent on level
                    A         B        C        D         E        F      G
               +---------+---------+-------+---------+---------+-------+---------
         Total |       0 |     941 |   0.0 |       0 |      85 |   0.0 |  6847
               +---------+---------+-------+---------+---------+-------+---------
           D:1 |       0 |      26 |   0.0 |       0 |      12 |   0.0 |  1114
           D:2 |       0 |      83 |   0.0 |       0 |      19 |   0.0 |  1085
           D:3 |       0 |     127 |   0.0 |       0 |      28 |   0.0 |  1099
           D:4 |       0 |     330 |   0.0 |       0 |      16 |   0.0 |  1751
           D:5 |       0 |     328 |   0.0 |       0 |       8 |   0.0 |  1508
           D:6 |       0 |      47 |   0.0 |       0 |       2 |   0.0 |   290
               +---------+---------+-------+---------+---------+-------+---------
